Map: Ephemeron LE

Players

NYK - Winner!

  • Race: Zerg Zerg
  • Spawn Location: 5:00

BackupO

  • Race: Zerg Zerg
  • Spawn Location: 11:00

VOD

Have the link to the VOD?

Description

Time

  • Played on: Sept. 6, 2019, 1:11 p.m.
  • Length: 11:41
Show
View Real Time Build Order
Export as new Build Order

NYK Zerg - Winner!

Build Orders: Hatch First, Zergling Baneling 

Get SALT Encoding   

  12  0:00  Drone  
  13  0:12  Overlord  
  13  0:17  Drone  
  14  0:30  Drone x2  
  16  0:48  Hatchery  
  15  0:52  Drone  
  15  0:55  Drone  
  17  0:59  Drone  
  18  1:11  Extractor  
  18  1:15  Spawning Pool  
  18  1:17  Drone  
  17  1:20  Drone  
  18  1:31  Drone  
  19  1:40  Overlord  
  19  1:50  Drone  
  20  2:01  Zergling x2  
  20  2:02  Queen x2  
  20  2:04  Drone  
  26  2:10  Drone, Metabolic Boost  
  27  2:17  Drone  
  28  2:25  Drone  
  28  2:26  Drone  
  30  2:32  Zergling x4  
  32  2:45  Hatchery  
  32  2:49  Baneling Nest  
  30  2:54  Overlord  
  30  2:55  Drone x2  
  30  2:57  Drone  
  33  3:07  Drone x2  
  35  3:19  Drone  
  37  3:20  Drone x2, Zergling x2  
  37  3:21  Zergling x4  
  41  3:28  Overlord  
  41  3:30  Drone  
  42  3:36  Baneling x4  
  42  3:44  Drone x2  
  42  3:46  Overlord, Queen  
  46  3:59  Drone x2  
  46  4:01  Zergling x12  
  53  4:03  Baneling x2  
  51  4:12  Drone x3  
  53  4:20  Zergling x8  
  56  4:34  Overlord  
  56  4:35  Drone x4, Queen  
  56  4:38  Queen  
  64  4:41  Extractor  
  64  4:44  Zergling x6, Roach Warren, Extractor  
  59  4:51  Zergling x4  
  59  4:54  Lair  
  59  4:57  Baneling x3  
  59  5:04  Drone  
  59  5:05  Drone x3  
  63  5:16  Evolution Chamber  
  63  5:18  Drone x2  
  63  5:20  Drone x5  
  69  5:27  Roach  
  69  5:28  Roach  
  73  5:29  Overlord x2  
  73  5:30  Overlord  
  73  5:34  Overlord  
  72  5:47  Zerg Missile Weapons Level 1  
  72  5:48  Drone x9  
  81  5:51  Glial Reconstitution  
  81  5:52  Extractor  
  81  5:56  Overlord  
  80  5:58  Roach x2  
  80  6:02  Drone  
  85  6:07  Roach  
  85  6:08  Roach x4  
  95  6:17  Overlord  
  95  6:18  Extractor  
  90  6:19  Roach x4, Extractor  
  97  6:26  Roach x4  
  105  6:33  Evolution Chamber  
  105  6:36  Drone x4  
  108  6:44  Roach x3  
  108  6:46  Overseer  
  114  6:50  Hatchery  
  113  6:58  Overlord x3  
  113  7:00  Zerg Ground Armor Level 1  
  113  7:01  Roach x2  
  115  7:06  Ravager  
  115  7:07  Ravager x3  
  121  7:16  Roach  
  121  7:17  Roach x5  
  133  7:33  Roach x6  
  133  7:34  Overlord  
  133  7:35  Overlord  
  144  8:00  Roach x3  
  144  8:01  Roach x6  
  144  8:03  Overlord x2  
  159  8:20  Zerg Missile Weapons Level 2  
  159  8:22  Roach x3  
  159  8:23  Roach x8  
  181  8:35  Pneumatized Carapace  
  182  8:41  Ravager x3  
  182  8:42  Overlord x2  
  184  8:57  Overlord x2  
  184  9:06  Roach x8  
  200  9:10  Hydralisk Den  
  179  9:27  Roach x2  
  179  9:28  Roach x13  
  183  9:36  Roach x5  
  183  9:37  Roach x2  
  187  9:41  Roach x2  
  187  9:43  Roach  
  187  9:44  Roach x3  
  183  9:51  Muscular Augments  
  179  9:53  Roach x3  
  179  9:54  Roach  
  179  9:59  Ravager x2  
  189  10:01  Ravager  
  189  10:02  Ravager  
  189  10:03  Ravager  
  190  10:07  Ravager  
  190  10:09  Overseer  
  190  10:11  Roach x4  
  199  10:22  Overlord  
  199  10:32  Infestation Pit  
  198  10:36  Lurker Den  
  198  10:37  Drone x2, Extractor  
  198  10:38  Drone x3, Extractor  
  196  11:13  Roach x3  
Show
View Real Time Build Order
Export as new Build Order

BackupO Zerg 

Build Orders: Hatch First 

Get SALT Encoding   

  12  0:01  Drone  
  13  0:13  Overlord  
  13  0:17  Drone  
  14  0:31  Drone  
  14  0:32  Drone  
  16  0:50  Hatchery  
  16  0:53  Drone  
  16  0:57  Drone  
  16  1:01  Drone  
  18  1:11  Extractor  
  18  1:18  Spawning Pool  
  16  1:20  Drone  
  16  1:23  Drone  
  18  1:31  Drone  
  19  1:42  Drone  
  20  1:50  Drone  
  21  2:04  Queen x2  
  21  2:05  Zergling x4  
  27  2:12  Overlord  
  27  2:14  Drone  
  28  2:16  Metabolic Boost  
  28  2:30  Drone x2  
  28  2:33  Drone  
  31  2:49  Hatchery  
  30  2:53  Overlord  
  30  3:03  Zergling x2  
  32  3:05  Drone x2  
  33  3:15  Baneling Nest  
  32  3:20  Drone x5  
  32  3:21  Drone x2  
  39  3:38  Overlord  
  39  3:39  Zergling x4  
  39  3:40  Zergling x4  
  43  3:50  Zergling x2  
  43  3:52  Overlord  
  44  3:55  Queen  
  44  4:06  Zergling x6  
  44  4:07  Zergling x10  
  48  4:16  Zergling x2  
  47  4:22  Zergling x2  
  47  4:23  Zergling x4  
  50  4:28  Baneling  
  50  4:29  Drone x2  
  47  4:36  Lair  
  47  4:43  Baneling  
  44  4:50  Extractor  
  44  4:52  Evolution Chamber, Drone x3  
  45  4:54  Drone x4  
  45  4:55  Drone  
  45  4:59  Drone x2, Extractor  
  51  5:04  Drone  
  54  5:12  Roach Warren  
  53  5:19  Overlord x3  
  53  5:21  Drone  
  52  5:25  Baneling x2  
  52  5:27  Zerg Missile Weapons Level 1  
  52  5:28  Zergling x2  
  52  5:29  Zergling x10  
  52  5:33  Overlord x2  
  57  5:41  Baneling  
  56  5:47  Extractor  
  55  5:51  Drone x3  
  55  5:54  Overlord x2  
  55  5:55  Drone x3  
  61  6:01  Drone  
  61  6:02  Drone x4  
  61  6:03  Drone x2  
  68  6:10  Glial Reconstitution  
  68  6:18  Overlord  
  68  6:25  Roach  
  68  6:26  Roach x5  
  68  6:27  Roach  
  68  6:30  Roach  
  82  6:38  Roach x4  
  90  6:45  Overseer  
  90  6:48  Ravager x2  
  90  6:49  Ravager  
  90  6:51  Ravager  
  90  6:53  Roach x4  
  102  7:03  Overlord  
  102  7:04  Overlord, Roach  
  102  7:05  Roach x3  
  110  7:22  Zerg Missile Weapons Level 2  
  110  7:26  Roach x4  
  118  7:30  Hatchery  
  118  7:32  Overlord  
  118  7:33  Roach x3  
  123  7:49  Roach x2  
  123  7:50  Roach x6  
  133  7:58  Roach  
  133  7:59  Roach x3  
  124  8:07  Roach  
  124  8:08  Roach x2  
  124  8:11  Roach x2  
  122  8:15  Roach  
  122  8:16  Roach  
  126  8:23  Roach, Extractor  
  126  8:24  Roach x2  
  130  8:29  Roach  
  130  8:30  Roach x2  
  138  8:34  Roach x2  
  138  8:38  Overlord  
  140  8:44  Roach x3  
  146  8:51  Overlord x2  
  146  8:52  Overlord x2  
  146  9:04  Overlord x2  
  146  9:05  Roach  
  146  9:06  Roach x2  
  152  9:11  Overlord  
  152  9:12  Roach  
  152  9:13  Roach x3  
  160  9:23  Roach x4  
  160  9:24  Roach  
  152  9:30  Roach x2  
  134  9:36  Roach  
  134  9:37  Roach x3  
  121  9:41  Roach  
  121  9:42  Roach  
  115  9:45  Roach  
  115  9:46  Roach  
  117  9:56  Ravager  
  117  9:57  Ravager  
  117  9:58  Roach x2  
  123  10:00  Roach  
  125  10:08  Overlord  
  125  10:09  Roach x2  
  125  10:10  Roach  
  131  10:15  Ravager  
  131  10:18  Drone x4  
  131  10:19  Drone x2  
  131  10:20  Drone  
  139  10:23  Ravager x2  
  141  10:30  Drone x2  
  141  10:31  Drone x4  
  141  10:34  Roach  
  149  10:37  Roach  
  149  10:38  Roach  
  149  10:41  Ravager  
  154  10:50  Roach x4  
  154  10:51  Roach  
  154  10:53  Overseer  
  154  10:55  Roach x2  
  168  11:02  Roach  
  168  11:03  Roach x3  
  168  11:10  Roach  
  168  11:11  Roach x3  
Tags
 
Matchup
ZvZ
Player
NYK
Race
Zerg
Spawn Locations
Cross Positions
Add a new tag
Caveats
  • Supply blocks, unpowered buildings, or Contaminate may cause inaccurate times.
  • Supply counts are checked every 10 seconds.